 Dungeon Crawl Stone Soup version 0.21.0-3-g78d12a8 (webtiles) character file.

132 grindst0ne the Skirmisher (level 4, 0/39 HPs)
             Began as a Demonspawn Chaos Knight on Jan 12, 2018.
             Succumbed to an orange demon's poison
             ... on level 2 of the Dungeon.
             The game lasted 00:02:53 (1986 turns).

grindst0ne the Skirmisher (Demonspawn Chaos Knight) Turns: 1986, Time: 00:02:54

Health: 0/39       AC:  6    Str: 13    XL:     4   Next: 92%
Magic:  1/4        EV: 11    Int: 13    God:    Xom [......]
Gold:   115        SH:  0    Dex: 13    Spells: 3/3 levels left

rFire    . . .     SeeInvis .   i - +1 whip (vamp)
rCold    . . .     Gourm    .   (no shield)
rNeg     . . .     Faith    .   b - +2 leather armour
rPois    .         Spirit   +   (helmet restricted)
rElec    .         Reflect  .   (no cloak)
rCorr    +         Harm     .   (no gloves)
MR       .....                  (no boots)
Stlth    +.........             (no amulet)
HPRegen  0.13/turn              g - ring of resist corrosion
MPRegen  0.09/turn              (no ring)

@: lethally poisoned (0 -> -20), weakened
A: antennae 1, shaggy fur 1, magic shield
a: Renounce Religion


You were on level 2 of the Dungeon.
You worshipped Xom.
You were a very special plaything of Xom.
You were not hungry.

You visited 1 branch of the dungeon, and saw 2 of its levels.

You collected 115 gold pieces.

Inventory:

Hand Weapons
 a - a +0 hand axe of chaos
 i - a +1 vampiric whip (weapon)
Armour
 b - a +2 leather armour (worn)
Jewellery
 g - a ring of resist corrosion (left hand)
Wands
 j - a wand of random effects (24)
Scrolls
 d - 2 scrolls of fog {unknown}
 e - a scroll of immolation {unknown}
 k - 2 scrolls of teleportation {unknown}
 l - a scroll of noise {unknown}
 m - 2 scrolls of enchant weapon {unknown}
 o - 3 scrolls of remove curse {unknown}
 p - a scroll of fear {unknown}
Potions
 h - a potion of flight
 n - a potion of magic {unknown}
Comestibles
 c - 3 rations
 f - 4 chunks of flesh


   Skills:
 * Level 5.0 Fighting
 + Level 3.6 Axes
 - Level 1.7 Armour
 - Level 0.8 Dodging


You had 3 spell levels left.
You didn't know any spells.

Dungeon Overview and Level Annotations

Branches:
Dungeon (2/15)

Altars:


Innate Abilities, Weirdness & Mutations

You have a pair of small antennae on your head.
When hurt, damage is shared between your health and your magic reserves.
You are covered in fur. (AC +1)


Message History

You start resting.
Magic restored. "Fight to survive, mortal."
There are monsters nearby!
There are monsters nearby!
The shadow imp closely misses you.
The orange demon stings you but does no damage.
The shadow imp barely misses you. The orange demon stings you.
You are poisoned.
The orange demon poisons you! The orange demon hits you.
You feel your attacks grow feeble.
You feel sick. The shadow imp gestures at you. Pain shoots through your body!
* * * LOW HITPOINT WARNING * * *
The orange demon stings you!
* * * LOW HITPOINT WARNING * * *
The orange demon hits you but does no damage.
You die...
Xom howls with laughter!

.....# #.#.
.###.############
#.#.
####.##.........#
#.#..
...<..#.#######.#
#.#.. ####..#.#
#.##########.#..###
#..#.#
#5...........#.....
#..#.#
#..###.........>..#
# #..#.#
#.4............##.#
####..#.#
##@###.##########.#
......#.# #.# #.#
#.# #####.#.# #.#
#.# #.#
........########.#
#†# #######.#
.................#
#.# #.......#
...#####.#########
#.# #.#####.#
......##.# #.# #.#
#.# ...##.##.# #.#
#.# #.# ....#.#.##
#.# #.# #.#


You could see an orange demon and a shadow imp.

Vanquished Creatures
  Natasha (D:2)
  4 adders (D:2)
  An ooze (D:2)
  2 worms (D:2)
  A dart slug (D:1)
  3 leopard geckos
  3 bats
  5 goblins
  6 hobgoblins
  A jackal (D:1)
  5 frilled lizards
  7 kobolds
  7 rats
46 creatures vanquished.

Vanquished Creatures (collateral kills)
  Jessica (D:2)
  An adder zombie (D:2)
2 creatures vanquished.

Grand Total: 48 creatures vanquished

Notes
Turn   | Place    | Note
-------+----------+-------------------------------------------
     0 | D:1      | grindst0ne the Demonspawn Chaos Knight began the quest for the Orb.
     0 | D:1      | Reached XP level 1. HP: 18/18 MP: 1/1
     2 | D:1      | Noticed a demonspawn
     2 | D:1      | Noticed a felid
     4 | D:1      | Noticed a formicid
     6 | D:1      | Noticed a draconian
     8 | D:1      | Noticed a ghoul
     8 | D:1      | Noticed a demigod
    11 | D:1      | Noticed a centaur
    13 | D:1      | Noticed a tengu
    16 | D:1      | Noticed an ogre
    16 | D:1      | Noticed a dwarf
    18 | D:1      | Noticed an elf
    18 | D:1      | Noticed a halfling
    20 | D:1      | Noticed a human
    20 | D:1      | Noticed a merfolk
    22 | D:1      | Noticed a vampire
    22 | D:1      | Noticed a minotaur
    24 | D:1      | Noticed a spriggan
    24 | D:1      | Noticed an octopode
    26 | D:1      | Noticed a vine stalker
    26 | D:1      | Noticed a gargoyle
    28 | D:1      | Noticed a naga
    28 | D:1      | Noticed a troll
   138 | D:1      | XOM: butterfly on damage
   191 | D:1      | Gained mutation: You have a pair of small antennae on your head. [demonic ancestry]
   191 | D:1      | Reached XP level 2. HP: 11/24 MP: 2/2
   510 | D:1      | XOM: harmless Fire miscast
   530 | D:1      | XOM: god gift: buckler {god gift}
   731 | D:1      | XOM: harmless Hex miscast
   784 | D:2      | XOM: stealth player
   816 | D:2      | Gained mutation: When hurt, damage is shared between your health and your magic reserves. [demonic ancestry]
   816 | D:2      | Reached XP level 3. HP: 29/30 MP: 3/3
   824 | D:2      | Reached skill level 4 in Fighting
   856 | D:2      | HP: 1/30 [poisoned by an adder]
  1185 | D:2      | XOM: enchant monster (good)
  1195 | D:2      | Noticed Jessica
  1209 | D:2      | XOM: cast spell 'Call Canine Familiar'
  1220 | D:2      | Killed Jessica
  1220 | D:2      | Reached XP level 4. HP: 6/38 MP: 4/4
  1552 | D:2      | XOM: cleaving
  1555 | D:2      | XOM: fog
  1686 | D:2      | XOM: give mutations
  1686 | D:2      | Gained mutation: You are dopey. (Int -2) [Xom's mischief]
  1686 | D:2      | Gained mutation: You are covered in fur. (AC +1) [Xom's mischief]
  1686 | D:2      | Lost mutation: You are dopey. (Int -2) [Xom's mischief]
  1704 | D:2      | XOM: 9-stop teleportation journey
  1943 | D:2      | Noticed Natasha
  1953 | D:2      | XOM: chaos cloud
  1954 | D:2      | Killed Natasha
  1954 | D:2      | Reached skill level 5 in Fighting
  1982 | D:2      | XOM: summons 2 hostile demons
  1983 | D:2      | Noticed an orange demon
  1986 | D:2      | Succumbed to an orange demon's poison

Skill      XL: |  1  2  3  4 |
---------------+-------------+-----
Axes           | 3 |  3.6
Fighting       | 4 5 |  5.0
Armour         | |  1.7
Dodging        | |  0.8

Action                   |  1- 3 |  4- 6 || total
-------------------------+-------+-------++-------
Melee: Hand axe          |    77 |       ||    77
       Whip              |    24 |    64 ||    88
  Use: Potion            |     3 |       ||     3
 Stab: Sleeping          |     3 |       ||     3
       Petrified         |     5 |       ||     5
       Petrifying        |     1 |       ||     1
  Eat: Ration            |     2 |       ||     2
       Chunk             |     1 |       ||     1
Armor: Leather armour    |    27 |    19 ||    46
Dodge: Dodged            |    70 |    22 ||    92
